 Dungeon Crawl Stone Soup version 0.22-a0-410-g97be04f (webtiles) character file.

7108 KristoblXynda the Covert (level 10, -1/44 HPs)
             Began as a Spriggan Enchanter on May 11, 2018.
             Was a Follower of Ashenzari.
             Slain by an orc
             ... wielding a +0 dagger of electrocution
              (10 damage)
             ... on level 10 of the Dungeon.
             The game lasted 00:27:28 (11486 turns).

KristoblXynda the Covert (Spriggan Enchanter)      Turns: 11486, Time: 00:27:28

Health: -1/44      AC:  4    Str:  5    XL:     10   Next: 84%
Magic:  20/25      EV: 22    Int: 24    God:    Ashenzari [*.....]
Gold:   523        SH:  0    Dex: 17    Spells: 21/30 levels left

rFire    . . .     SeeInvis +   r - +1 dagger (venom)
rCold    . . .     Gourm    .   (shield restricted)
rNeg     + . .     Faith    .   k - +0 robe (curse)
rPois    .         Spirit   .   f - +2 hat (curse)
rElec    .         Reflect  .   (no cloak)
rCorr    .         Harm     .   (gloves unavailable)
MR       +....                  (boots unavailable)
Stlth    ++++++....             (no amulet)
HPRegen  0.14/turn              F - ring of positive energy
MPRegen  0.19/turn              u - +5 ring of intelligence (curse)

@: very quick
A: very small, unfitting armour, see invisible, herbivore, speed 3, slow
metabolism 2
a: Curse Item, Scrying, Renounce Religion


You were on level 10 of the Dungeon.
You worshipped Ashenzari.
Ashenzari was aware of your devotion.
You were hungry.

You visited 3 branches of the dungeon, and saw 12 of its levels.
You also visited: Ossuary.

You collected 523 gold pieces.

Inventory:

Hand Weapons
 r - a +1 dagger of venom (weapon)
 y - a +0 dagger of electrocution
Armour
 b - a +0 buckler
 f - a cursed +2 hat (worn)
 k - a cursed +0 robe (worn)
Jewellery
 q - a +3 ring of intelligence
 u - a cursed +5 ring of intelligence (right hand)
 F - a ring of positive energy (left hand)
Wands
 e - a wand of paralysis (14)
 x - a wand of acid (13)
 z - a wand of iceblast (4)
Scrolls
 g - 7 scrolls of teleportation
 h - 2 scrolls of enchant weapon
 i - a scroll of fear {unknown}
 j - 2 scrolls of brand weapon {unknown}
 l - 3 scrolls of immolation
 s - a scroll of enchant armour {unknown}
 t - 2 scrolls of amnesia
 v - a scroll of noise {unknown}
 w - 3 scrolls of remove curse
 A - 2 scrolls of blinking
Potions
 a - 2 potions of haste
 c - 3 potions of flight
 m - 5 potions of lignification
 n - 2 potions of curing
 p - a potion of invisibility
 B - a potion of agility {unknown}
 C - a potion of magic
 D - 6 potions of mutation
 E - a potion of resistance
Comestibles
 d - 14 rations


   Skills:
 - Level 5.0 Short Blades
 + Level 6.3 Dodging
 + Level 13.6 Stealth
 + Level 10.7 Spellcasting
 + Level 10.9 Hexes
 - Level 5.0 Evocations


You had 21 spell levels left.
You knew the following spells:

 Your Spells              Type           Power        Failure   Level  Hunger
a - Summon Lightning Spi  Summ/Air       ##......     43%         4    None
b - Ensorcelled Hibernat  Hex/Ice        #####.       1%          2    None
c - Confuse               Hex            ######..     1%          3    None


Dungeon Overview and Level Annotations

Branches:
Dungeon (10/15)            Temple (1/1) D:5            Lair (1/6) D:9
    Orc (0/2) D:9

Altars:
Ashenzari
Cheibriados
Dithmenos
Elyvilon
Fedhas
Gozag
Hepliaklqana
Kikubaaqudgha
Makhleb
Nemelex Xobeh
Okawaru
Qazlal
Ru
Sif Muna
Trog
Uskayaw
Vehumet
Wu Jian
Xom
Yredelemnul
Zin
The Shining One


Innate Abilities, Weirdness & Mutations

You are very small and have problems with some larger weapons.
You are too small for most types of armour.
You have supernaturally acute eyesight. (SInv)
You are a herbivore.
You cover ground extremely quickly.
You need to consume almost no food.


Message History

* * * LOW HITPOINT WARNING * * *
Casting: Ensorcelled Hibernation (safe; 1% risk of failure)
Confirm with . or Enter, or press ? or * to list all spells.
Aiming: Ensorcelled Hibernation (safe; 1% risk of failure)
Press: ? - help, Shift-Dir - straight line, f - orc
Aim: an orc, wielding a mace (severely wounded, poisoned, chance to defeat MR: 81%)
The orc looks drowsy...
You kill the orc!
You hit the orc.
The orc is poisoned.
The orc is moderately wounded.
Casting: Ensorcelled Hibernation (safe; 1% risk of failure)
Confirm with . or Enter, or press ? or * to list all spells.
Aiming: Ensorcelled Hibernation (safe; 1% risk of failure)
Press: ? - help, Shift-Dir - straight line, f - orc
Aim: an orc, wielding a dagger of electrocution (moderately wounded, poisoned, chance to defeat MR: 81%)
The orc barely resists.
The orc hits you with a dagger of electrocution.
* * * LOW HITPOINT WARNING * * *
You are electrocuted!
You die...

#....#.# ####.#.#
#.#.# #.#.# #.#.#
#†#.##########
#.#..........#
#......#####.#
######@# #.# #o#
#.# #o# #.# #.#
#.# #o# #.#
#.#####.####### #
#)##.....(.....
#.##.##.##########
#.## #..#....<...#


You could see 3 orcs.

Vanquished Creatures
  A two-headed ogre (D:9)
  An unseen horror (D:10)
  The ghost of SakhabievAskhat the Insei, a novice GnTm of Cheibriados (D:4)
  The ghost of zkyp the Cudgeler, an amateur KoBe of Trog (D:3)
  2 hippogriffs
  Sigmund (D:3)
  Grum (D:9)
  2 steam dragons (D:10)
  2 ice beasts
  A water moccasin (D:8)
  A sky beast (D:8)
  6 orc warriors
  A phantom (D:9)
  2 ogres
  A necrophage (D:4)
  3 centaurs
  3 wolves (D:9)
  6 bullfrogs
  3 scorpions
  9 killer bees
  4 wights (D:10)
  5 howler monkeys
  6 crimson imps
  A centaur zombie (D:8)
  An iron imp (D:8)
  3 bullfrog zombies
  2 hounds
  4 orc priests
  A human zombie (Ossuary)
  6 orc wizards
  A centaur skeleton (D:6)
  5 iguanas
  3 bullfrog skeletons
  Terence (D:3)
  6 worker ants
  A killer bee zombie (D:6)
  A hound zombie (D:5)
  2 hound skeletons (D:4)
  5 mummies
  2 worker ant zombies
  3 gnolls (D:5)
  11 adders
  2 shadow imps
  2 oozes
  2 adder skeletons
  3 worms
  4 dart slugs
  5 leopard geckos
  33 orcs
  A ball python (D:4)
  7 bats
  4 giant cockroaches
  3 gnoll zombies
  3 goblins
  6 hobgoblins
  13 jackals
  6 kobolds
  3 quokkas
  5 frilled lizards
  2 goblin zombies (Ossuary)
  A hobgoblin zombie (Ossuary)
  2 kobold zombies (Ossuary)
  An orc zombie (Ossuary)
  A quokka zombie (D:6)
  7 rats
238 creatures vanquished.

Notes
Turn   | Place    | Note
-------+----------+-------------------------------------------
     0 | D:1      | KristoblXynda the Spriggan Enchanter began the quest for the Orb.
     0 | D:1      | Reached XP level 1. HP: 9/9 MP: 5/5
   307 | D:1      | Reached XP level 2. HP: 13/13 MP: 7/7
   320 | D:1      | Learned a level 2 spell: Ensorcelled Hibernation
   389 | D:1      | Reached skill level 5 in Stealth
   961 | D:2      | Reached XP level 3. HP: 16/16 MP: 8/8
  1344 | D:2      | Learned a level 3 spell: Confuse
  2016 | D:3      | Noticed Terence
  2036 | D:3      | Killed Terence
  2036 | D:3      | Reached XP level 4. HP: 21/21 MP: 1/10
  2408 | D:3      | Noticed Sigmund
  2465 | D:3      | Killed Sigmund
  2465 | D:3      | Reached skill level 7 in Stealth
  2465 | D:3      | Reached skill level 5 in Hexes
  2465 | D:3      | Reached XP level 5. HP: 16/24 MP: 1/13
  2512 | D:3      | Noticed zkyp's ghost (amateur KoBe)
  2532 | D:3      | Found a stormy altar of Qazlal.
  2546 | D:3      | Found a radiant altar of Vehumet.
  2609 | D:3      | Reached XP level 6. HP: 25/28 MP: 10/14
  2662 | D:3      | Found a deep blue altar of Sif Muna.
  2809 | D:3      | Killed zkyp's ghost
  2809 | D:3      | Reached skill level 5 in Spellcasting
  2966 | D:4      | Noticed SakhabievAskhat's ghost (novice GnTm)
  2970 | D:4      | Found a bloodstained altar of Trog.
  3083 | D:4      | Killed SakhabievAskhat's ghost
  3083 | D:4      | Reached skill level 8 in Stealth
  3083 | D:4      | Reached XP level 7. HP: 13/32 MP: 9/17
  3443 | D:4      | Reached skill level 9 in Stealth
  3634 | D:4      | Reached XP level 8. HP: 19/36 MP: 19/19
  3897 | D:4      | Found a shadowy altar of Dithmenos.
  3931 | D:5      | Entered Level 5 of the Dungeon
  4056 | D:5      | Found a blossoming altar of Fedhas.
  4084 | D:5      | Found an iron altar of Okawaru.
  4324 | D:5      | Identified Keaqeergh's Volume of the Volcanoes and Curses
  4785 | D:5      | Found a staircase to the Ecumenical Temple.
  4797 | Temple   | Entered the Ecumenical Temple
  4848 | Temple   | Became a worshipper of Ashenzari the Shackled
  5286 | D:6      | Reached skill level 10 in Stealth
  5501 | D:6      | Noticed a hippogriff
  5542 | D:6      | Killed a hippogriff
  6353 | D:7      | Reached XP level 9. HP: 39/39 MP: 22/22
  6436 | D:7      | Reached skill level 11 in Stealth
  6628 | D:7      | Found a hazy altar of Hepliaklqana.
  6679 | D:7      | Reached skill level 5 in Short Blades
  6786 | D:7      | Reached skill level 1 in Evocations
  8004 | D:8      | Found a sand-covered staircase.
  8011 | Ossuary  | Entered an ossuary
  8642 | D:8      | Found a shimmering altar of Xom.
  8770 | D:8      | Found a snail-covered altar of Cheibriados.
  8798 | D:8      | Reached skill level 12 in Stealth
  9142 | D:8      | Found a burning altar of Makhleb.
  9146 | D:8      | Noticed a cacodemon
  9149 | D:8      | Found a glowing silver altar of Zin.
  9149 | D:8      | Noticed an angel
  9289 | D:8      | Reached XP level 10. HP: 40/44 MP: 20/24
  9657 | D:9      | Found a staircase to the Lair.
 10008 | D:9      | Reached * piety under Ashenzari
 10019 | D:9      | Noticed Grum
 10066 | D:9      | Killed Grum
 10066 | D:9      | Reached skill level 10 in Hexes
 10066 | D:9      | Reached skill level 5 in Evocations
 10488 | D:9      | Found a basalt altar of Yredelemnul.
 10623 | D:9      | Reached skill level 10 in Spellcasting
 10926 | D:9      | Found a staircase to the Orcish Mines.
 10996 | D:9      | Noticed a two-headed ogre
 11001 | D:9      | Killed a two-headed ogre
 11001 | D:9      | Reached skill level 5 in Dodging
 11001 | D:9      | Reached skill level 13 in Stealth
 11003 | D:9      | Found an ornate altar of the Wu Jian Council.
 11246 | Lair:1   | Entered Level 1 of the Lair of Beasts
 11281 | D:10     | Entered Level 10 of the Dungeon
 11288 | D:10     | Learned a level 4 spell: Summon Lightning Spire
 11337 | D:10     | Noticed an unseen horror
 11339 | D:10     | Killed an unseen horror
 11468 | D:10     | HP: 2/44 [steam dragon (3)]
 11486 | D:10     | Slain by an orc

Vault maps used:
D:1:      saegor_arrival_simple_b
D:2:      first_ration, minmay_split_cup_small
D:3:      lemuel_doored_altar, grunt_temple_overflow_open,
          kennysheep_cross_room, uniq_terence, uniq_sigmund
D:4:      grunt_dithmenos_shadows, kennysheep_mini_moat
D:5:      old_standard_altar, minmay_temple_entry_statues_pillars,
          kennysheep_nub, fedhas_altar_2
D:6:      kennysheep_generic_room_3
D:7:      lemuel_coloured_pillars_altar, kennysheep_decorative_pillar
D:8:      grunt_temple_overflow_order_and_chaos_2, slow_altar_1,
          overflow_temple_1_default, gup_ossuary_entry_pyramid
D:9:      nicolae_overflow_crystal_walls, lemuel_zombie_altar_yredelemnul,
          lair_entry_dummy, david_orc_4, uniq_grum
D:10:     grunt_livestock
Temple:   compressed_dpeg_triangle_lava_temple
Ossuary:  ossuary_crypta

Skill      XL: |  1  2  3  4  5  6  7  8  9 10 |
---------------+-------------------------------+-----
Spellcasting   | 3 4 6 8 9 10 | 10.7
Stealth        | 5 7 8 9 10 12 13 | 13.6
Hexes          | 4 5 6 7 8 9 10 | 10.9
Short Blades   | 2 4 5 |  5.0
Evocations     | 4 5 |  5.0
Dodging        | 6 |  6.3

Action                   |  1- 3 |  4- 6 |  7- 9 | 10-12 || total
-------------------------+-------+-------+-------+-------++-------
Melee: Dagger            |   119 |   148 |   542 |   167 ||   976
 Cast: Ensorcelled Hiber |    19 |    10 |    48 |    33 ||   110
       Confuse           |       |     9 |    20 |     3 ||    32
Invok: Curse Item        |       |       |     1 |     1 ||     2
Evoke: Wand              |       |       |       |     6 ||     6
  Use: Scroll            |       |     6 |    12 |     1 ||    19
       Potion            |       |       |     2 |     2 ||     4
 Stab: Sleeping          |    23 |     8 |    45 |    26 ||   102
       Confused          |       |     8 |    21 |     3 ||    32
       Distracted        |       |       |     3 |       ||     3
       Paralysed         |       |       |       |     1 ||     1
  Eat: Ration            |       |     1 |     3 |     1 ||     5
Armor: Robe              |    10 |    21 |    63 |    11 ||   105
Dodge: Dodged            |    99 |   100 |   371 |    80 ||   650

Table legend:
 A = Spawn XP
 B = Non-spawn XP
 C = Spawn XP percentage of total XP
 D = Spawn monster count
 E = Non-spawn monster count
 F = Spawn count percentage of total count
 G = Total turns spent on level
                    A         B        C        D         E        F      G
               +---------+---------+-------+---------+---------+-------+---------
         Total |       0 |   10155 |   0.0 |       0 |     238 |   0.0 | 11486
               +---------+---------+-------+---------+---------+-------+---------
           D:1 |       0 |      34 |   0.0 |       0 |      14 |   0.0 |   732
           D:2 |       0 |      51 |   0.0 |       0 |      18 |   0.0 |  1257
           D:3 |       0 |     550 |   0.0 |       0 |      16 |   0.0 |   922
           D:4 |       0 |     853 |   0.0 |       0 |      32 |   0.0 |  1020
           D:5 |       0 |     426 |   0.0 |       0 |      19 |   0.0 |  1068
           D:6 |       0 |     880 |   0.0 |       0 |      18 |   0.0 |  1192
           D:7 |       0 |    1652 |   0.0 |       0 |      36 |   0.0 |  1557
           D:8 |       0 |     990 |   0.0 |       0 |      21 |   0.0 |   967
           D:9 |       0 |    2951 |   0.0 |       0 |      39 |   0.0 |  1777
          D:10 |       0 |    1557 |   0.0 |       0 |      12 |   0.0 |   205
        Lair:1 |       0 |      88 |   0.0 |       0 |       1 |   0.0 |    13
       Ossuary |       0 |     123 |   0.0 |       0 |      12 |   0.0 |   615
               +---------+---------+-------+---------+---------+-------+---------
